 Dungeon Crawl Stone Soup version 0.29.1-1-gd02db6906a (webtiles) character file.

Game seed: 12802956784440512979

22 groovy9 the Digger (level 2, -5/15 HPs)
             Began as a Gargoyle Earth Elementalist on Sept 19, 2022.
             Slain by Terence
             ... wielding a +1 hand axe of draining
              (6 damage)
             ... on level 2 of the Dungeon.
             The game lasted 00:02:23 (887 turns).

groovy9 the Digger (Gargoyle Earth Elementalist)     Turns: 887, Time: 00:02:24

Health: -5/15      AC:  4    Str: 11    XL:     2   Next: 91%
Magic:  0/5        EV: 11    Int: 15    God:
Gold:   62         SH:  0    Dex: 10    Spells: 5/6 levels left

rFire   . . .      SeeInvis .   j - +0 dagger (drain)
rCold   . . .      Faith    .   (no shield)
rNeg    + . .      Spirit   .   a - +0 robe
rPois   ∞          Reflect  .   (no helmet)
rElec   +          Harm     .   (no cloak)
rCorr   .          Rampage  .   (no gloves)
Will    .....                   (no boots)
Stlth   ++........              (no amulet)
HPRegen 0.05/turn               (no ring)
MPRegen 0.09/turn               (no ring)

@: no status effects
A: sickness immunity, AC +2, negative energy resistance 1, electricity
resistance, torment resistance 1, petrification resistance
a: no special abilities


You were on level 2 of the Dungeon.
You visited 1 branch of the dungeon, and saw 2 of its levels.

You collected 62 gold pieces.

Inventory:

Hand Weapons
 j - a +0 dagger of draining (weapon)
Missiles
 k - 2 atropa-tipped darts
Armour
 a - a +0 robe (worn)
Scrolls
 c - a scroll of identify {unknown}
 d - a scroll of blinking {unknown}
 h - a scroll of amnesia {unknown}
 i - a scroll of enchant weapon {unknown}
 l - a scroll of enchant armour {unknown}
Potions
 b - a potion of magic
 e - a potion of might {unknown}
 f - a potion of resistance {unknown}
 g - a potion of curing {unknown}


   Skills:
 - Level 1.5 Dodging
 - Level 2.1 Stealth
 + Level 2.6 Spellcasting
 - Level 0.7 Transmutations
 + Level 4.3 Earth Magic


You had 5 spell levels left.
You knew the following spells:

 Your Spells              Type           Power      Damage    Failure   Level
a - Sandblast             Erth           28%        2d8       3%          1

Your spell library contained the following spells:

 Spells                   Type           Power      Damage    Failure   Level
 Passwall                 Tmut/Erth      7%         N/A       11%         2
 Stone Arrow              Conj/Erth      16%        3d8       26%         3
 Petrify                  Tmut/Erth      9%         N/A       58%         4


Dungeon Overview and Level Annotations

Branches:
Dungeon (2/15)

Altars:

Annotations:
D:2 Terence


Innate Abilities, Weirdness & Mutations

You are immune to sickness and miasma.
Your stone body is resilient. (AC +2)
You are immune to poison.
You resist negative energy. (rN+)
You are resistant to electric shocks. (rElec)
You are resistant to unholy torment.
You are immune to petrification.


Message History

You are very lightly contaminated with residual magic.
Nothing appears to happen.
You miscast Sandblast.
Nothing appears to happen.
The blast of sand hits Terence but does no damage.
Terence screams, "I'm going to kill you!"
Terence closely misses you. x2
You are out of magic!
Terence attacks as you move away!
Terence hits you with a +1 hand axe of draining.
You hit Terence but do no damage. Terence barely misses you.
You closely miss Terence. Terence misses you.
You barely miss Terence. Terence closely misses you.
You closely miss Terence. Terence closely misses you.
You barely miss Terence.
Terence hits you with a +1 hand axe of draining.
You closely miss Terence.
Terence hits you with a +1 hand axe of draining.
Okay, then.
Okay, then.
You are too injured to fight recklessly!
Aiming: Sandblast (safe; 3% risk of failure)
Press: ? - help, Q - select action, (/) - cycle Shift-Dir - straight line, f/p - Terence
Aim: Terence, wielding a +1 hand axe of draining and wearing a +0 scale mail (84% to hit)
The blast of sand hits Terence but does no damage.
Terence hits you but does no damage.
Your magical contamination has completely faded away.
You hit Terence but do no damage.
Terence hits you with a +1 hand axe of draining.
You hit Terence but do no damage. You drain Terence.
Terence is lightly wounded.
Terence hits you with a +1 hand axe of draining.
* * * LOW HITPOINT WARNING * * *
You hit Terence but do no damage.
Terence is lightly wounded.
Terence hits you with a +1 hand axe of draining.
* * * LOW HITPOINT WARNING * * *
You hit Terence but do no damage.
Terence is lightly wounded.
Terence hits you with a +1 hand axe of draining.
You die...

#.# .# <# #.######.#
#.# ##........# #.#
..........#
###.#######
..........#
#.........#
....).....#
#.........#
########..#
#.........#
###..#######.........#
#..........@@.!.†....#
#.##########.........#
... +......?..# #.###
#.........# #
#.........# ##
####.###... .. ># ...
# .. ..


You could see Terence (very drained).

Vanquished Creatures
  A dart slug (D:2)
  A bat (D:1)
  5 endoplasms
  2 goblins
  2 hobgoblins
  A quokka (D:1)
  2 kobolds
  4 rats (D:1)
18 creatures vanquished.

Notes
Turn   | Place    | Note
-------+----------+-------------------------------------------
     0 | D:1      | groovy9 the Gargoyle Earth Elementalist began the quest for
                  | the Orb.
     0 | D:1      | Reached XP level 1. HP: 10/10 MP: 3/3
    70 | D:1      | Found a faded altar of an unknown god.
   157 | D:1      | Reached XP level 2. HP: 15/15 MP: 3/5
   159 | D:1      | Reached skill level 4 in Earth Magic
   867 | D:2      | Noticed Terence
   887 | D:2      | Slain by Terence

Illustrated notes

Levels and vault maps discovered:
D:1:      dpeg_arrival_line_fractal, layout_rooms, shapermc_ecumenical_altar_gd
D:2:      layout_basic, uniq_terence

Skill      XL: |  1  2 |
---------------+-------+-----
Earth Magic    | 4 |  4.3
Dodging        | |  1.5
Stealth        | |  2.1
Spellcasting   | |  2.6
Transmutations | |  0.7

Action                   || total
-------------------------++-------
Melee: Dagger            ||    10
 Cast: Sandblast         ||    28
Armor: Robe              ||     1
Dodge: Dodged            ||     9
